 Dungeon Crawl Stone Soup version 0.28-a0-407-g69098e2f6d (webtiles) character file.

Game seed: 6786609909906336648

20 heikuro the Skirmisher (level 3, -1/29 HPs)
             Began as a Formicid Abyssal Knight on Sept 5, 2021.
             Was a Follower of Lugonu.
             Slain by Terence (3 damage)
             ... on level 1 of the Dungeon.
             The game lasted 00:03:56 (1733 turns).

heikuro the Skirmisher (Formicid Abyssal Knight)    Turns: 1733, Time: 00:03:56

Health: -1/29      AC:  5    Str: 17    XL:     3   Next: 0%
Magic:  4/4        EV: 10    Int: 11    God:    Lugonu [*.....]
Gold:   32         SH:  0    Dex: 10    Spells: 2/2 levels left

rFire   . . .      SeeInvis +   a - +1 falchion
rCold   . . .      Faith    .   (no shield)
rNeg    . . .      Spirit   .   c - +0 ring mail
rPois   .          Reflect  .   (helmet unavailable)
rElec   .          Harm     .   (no cloak)
rCorr   .          Rampage  .   (no gloves)
Will    .....                   (no boots)
Stlth   ..........              (no amulet)
HPRegen 0.09/turn               (no ring)
MPRegen 0.09/turn               (no ring)

@: no status effects
A: permanent stasis, dig shafts and tunnels, antennae 3, four strong arms
a: Dig, Shaft Self, Renounce Religion, Depart the Abyss


You were on level 1 of the Dungeon.
You worshipped Lugonu.
Lugonu was aware of your devotion.
You visited 1 branch of the dungeon, and saw 2 of its levels.
You visited the Abyss 1 time.

You collected 32 gold pieces.

Inventory:

Hand Weapons
 a - a +1 falchion (weapon)
 b - a +0 hunting sling
Missiles
 d - 2 curare-tipped darts
 e - 6 atropa-tipped darts
 g - 15 stones
Armour
 c - a +0 ring mail (worn)
Scrolls
 i - a scroll of fog {unknown}
Potions
 f - a potion of lignification {unknown}
 h - a potion of berserk rage {unknown}


   Skills:
 + Level 3.5 Fighting
 * Level 2.4 Long Blades
 + Level 0.3 Slings
 + Level 2.4 Armour
 - Level 1.0 Dodging
 + Level 2.5 Invocations


You had 2 spell levels left.
You didn't know any spells.
Your spell library contained the following spells:

 Spells                   Type           Power      Damage    Failure   Level
 Chain Lightning          Conj/Air       0%         N/A       100%        9
 Fire Storm               Conj/Fire      0%         5d1       100%        9
 Shatter                  Erth           0%         3d5*      100%        9


Dungeon Overview and Level Annotations

Branches:
Dungeon (2/15)

Altars:

Annotations:
D:1 Terence


Innate Abilities, Weirdness & Mutations

You cannot be hasted, slowed, berserked, paralysed or teleported.
You can dig through walls and to a lower floor.
You have a pair of large antennae on your head. (SInv)
Your four strong arms can wield two-handed weapons with a shield.


Message History

You barely miss Terence. Terence hits you but does no damage.
You hit Terence.
Terence is moderately wounded.
Terence closely misses you.
You barely miss Terence.
Terence is moderately wounded.
Terence hits you with a +1 hand axe of freezing.
Terence freezes you. Terence completely misses you.
You hit Terence.
Terence is heavily wounded.
Terence barely misses you.
You hit Terence.
Terence is severely wounded.
Terence closely misses you.
You hit Terence.
Terence is almost dead.
Terence misses you.
You hit Terence but do no damage.
Terence is almost dead.
Terence hits you with a +1 hand axe of freezing.
Terence freezes you.
You barely miss Terence.
Terence is almost dead.
Terence barely misses you. Terence shouts, "Now you die!"
Terence hits you with a +1 hand axe of freezing.
* * * LOW HITPOINT WARNING * * *
Terence freezes you.
* * * LOW HITPOINT WARNING * * *
You hit Terence but do no damage.
Terence is almost dead.
Terence hits you with a +1 hand axe of freezing.
* * * LOW HITPOINT WARNING * * *
Terence freezes you.
* * * LOW HITPOINT WARNING * * *
Unknown command.
You barely miss Terence.
Terence is almost dead.
Terence hits you with a +1 hand axe of freezing.
You die...

#.#..#.##...........♣♣♣
#.#....##.......#.....♣♣♣
#.#.#####.......##......♣♣♣♣♣♣
#.#.....#.......###..........♣♣
#.#####.#......................
#.# #.####'#........###......
###.#####.#....#.................
....÷.....[.....>........####....
..#.#####....###@........# #####
....#........###@........# #
..###.######.............# # ..#
#.......##########...# # ..#
#.......'.....# #)### #.#
#......)#####'####.# #.#
#########..........# #.#
#.......#### #.# #.......#


You could see Terence.

Vanquished Creatures
  3 bats (D:1)
  3 endoplasms (D:1)
  2 giant cockroaches (D:1)
  A goblin (D:1)
  2 hobgoblins (D:1)
  2 kobolds (D:1)
  3 ball pythons (D:1)
  A frilled lizard (D:1)
  A rat (D:1)
18 creatures vanquished.

Notes
Turn   | Place    | Note
-------+----------+-------------------------------------------
     0 | Abyss:1  | heikuro the Formicid Abyssal Knight began the quest for the
                  | Orb.
     0 | Abyss:1  | Reached XP level 1. HP: 18/18 MP: 2/2
   191 | Abyss:1  | Found a corrupted altar of Lugonu.
   303 | Abyss:1  | Noticed a large abomination
   304 | D:1      | Escaped the Abyss
   488 | D:1      | Reached skill level 1 in Dodging
   666 | D:1      | Reached XP level 2. HP: 24/24 MP: 3/3
   727 | D:1      | Reached * piety under Lugonu
  1252 | D:2      | Noticed Terence
  1269 | D:1      | Reached XP level 3. HP: 10/29 MP: 4/4
  1733 | D:1      | Slain by Terence

Illustrated notes

Levels and vault maps discovered:
D:1:      kilobyte_arrival_exit_the_forest, layout_basic
D:2:      layout_loops_ring, ebering_ecumenical_altar_sacrificial,
          minmay_fractal_squares_5, uniq_terence

Skill      XL: |  1 |
---------------+----+-----
Dodging        | 1 |  1.0
Fighting       | |  3.5
Long Blades    | |  2.4
Slings         | |  0.3
Armour         | |  2.4
Invocations    | |  2.5

Action                   || total
-------------------------++-------
Melee: Falchion          ||    68
 Fire: Hunting sling     ||     9
Invok: Depart the Abyss  ||     1
 Abil: Dig               ||     2
Armor: Ring mail         ||    41
Dodge: Dodged            ||    47

Table legend: (Time is in decaauts)
 A = Elapsed time spent in this place.
 B = Non-inter-level travel time spent in this place.
 C = Inter-level travel time spent in this place.
 D = Time resting spent in this place.
 E = Time spent auto-exploring this place.
 F = Levels seen in this place.
 G = Mean time per level.
                   A        B        C        D        E       F      G
               +--------+--------+--------+--------+--------+-----+--------+
         Total |   1756 |   1694 |     62 |    428 |    757 |   3 |  585.3 |
       Dungeon |   1448 |   1386 |     62 |    428 |    474 |   2 |  724.0 |
         Abyss |    308 |    308 |      0 |      0 |    283 |   1 |  308.0 |
               +--------+--------+--------+--------+--------+-----+--------+

Top non-repeatable levels by time:
     D:1: 1443 daAuts
 Abyss:1: 308 daAuts
     D:2: 4 daAuts
